 Dungeon Crawl Stone Soup version 0.31-a0-38-g1548c4f2a5 (webtiles) character file.

Game seed: 4900897512316957482

20486 frimble the Carver (level 12, -28/95 HPs)
             Began as a Gnoll Reaver on May 16, 2023.
             Was a High Priest of Cheibriados.
             Engulfed by a cloud of freezing vapour (40 damage)
             ... on level 13 of the Dungeon.
             The game lasted 00:19:35 (12960 turns).

frimble the Carver (Gnoll Reaver)                  Turns: 12960, Time: 00:19:36

Health: -28/95     AC: 10    Str: 23    XL:     12   Next: 80%
Magic:  17/25      EV: 24    Int: 29    God:    Cheibriados [*****.]
Gold:   1185       SH:  0    Dex: 24    Spells: 19/29 levels left

rFire   . . .        p - +0 scimitar (flame)
rCold   . . .        (no shield)
rNeg    . . .        x - +1 troll leather armour
rPois   .            (no helmet)
rElec   .            H - +0 cloak
rCorr   .            i - +0 pair of gloves
SInv    +            y - +0 pair of boots
Will    .....        (no amulet)
Stlth   ++++         k - +5 ring of evasion
HPRegen 1.15/turn    u - ring of see invisible
MPRegen 0.19/turn

%: no passive effects
@: studying Ranged Weapons, very slow
A: fangs 1, strong nose, distributed training
a: Renounce Religion, Bend Time, Temporal Distortion, Slouch, Step From Time


You were on level 13 of the Dungeon.
You worshipped Cheibriados.
Cheibriados was extremely pleased with you.
You visited 2 branches of the dungeon, and saw 14 of its levels.
You also visited: Ossuary.

You collected 1335 gold pieces.
You spent 150 gold pieces at shops.

Inventory:

Hand Weapons
 p - a +0 scimitar of flaming (weapon)
 v - the +6 dagger "Dimud" {flame, rC+ Int+4}
   (You found it on level 5 of the Dungeon)

   Int:       It affects your intelligence (+4).
   rC:        It protects you from cold.
Missiles
 J - a throwing net
Armour
 i - a +0 pair of gloves (worn)
 x - a +1 troll leather armour (worn)
 y - a +0 pair of boots (worn)
 H - a +0 cloak (worn)
Jewellery
 a - a ring of protection from fire
 k - a +5 ring of evasion (left hand)
 u - a ring of see invisible (right hand)
 C - a ring of resist corrosion
 G - the ring "Tooklu" {Fire rN+ rCorr}
   (You found it on level 11 of the Dungeon)

   [ring of fire]

   It enhances your fire magic.
   rF:        It protects you from fire.
   rC:        It makes you vulnerable to cold.
   rN:        It protects you from negative energy.
   rCorr:     It protects you from acid and corrosion.
Wands
 D - a wand of polymorph (16)
 E - a wand of charming (6)
 F - a wand of roots (9)
Scrolls
 b - 2 scrolls of fog
 j - a scroll of enchant weapon
 q - a scroll of vulnerability
 s - 6 scrolls of magic mapping
 I - a scroll of identify
Potions
 c - a potion of attraction
 d - 2 potions of cancellation {unknown}
 e - 4 potions of invisibility
 f - 4 potions of might
 g - 2 potions of heal wounds
 h - 8 potions of curing
 l - 3 potions of resistance {unknown}
 m - a potion of berserk rage
 n - 3 potions of magic {unknown}
 o - 4 potions of ambrosia {unknown}
 t - 2 potions of flight
 w - 2 potions of brilliance
 z - a potion of haste
 A - a potion of mutation
Miscellaneous
 r - a condenser vane


   Skills:
 + Level 9.2 Fighting
 + Level 7.9 Short Blades
 + Level 10.3 Long Blades
 + Level 7.9 Axes
 + Level 7.9 Maces & Flails
 + Level 7.9 Polearms
 + Level 7.9 Staves
 + Level 9.9 Ranged Weapons
 + Level 7.9 Throwing
 + Level 7.9 Armour
 + Level 9.2 Dodging
 + Level 7.9 Stealth
 + Level 7.9 Shields
 + Level 7.9 Unarmed Combat
 + Level 9.4 Spellcasting
 + Level 8.6 Conjurations
 + Level 6.6 Hexes
 + Level 6.6 Summonings
 + Level 6.6 Necromancy
 + Level 6.6 Translocations
 + Level 6.6 Transmutations
 + Level 6.6 Fire Magic
 + Level 6.6 Ice Magic
 + Level 6.6 Air Magic
 + Level 6.6 Earth Magic
 + Level 6.6 Poison Magic
 + Level 8.7 Invocations
 + Level 7.9 Evocations


You had 19 spell levels left.
You knew the following spells:

 Your Spells              Type           Power      Damage    Failure   Level
a - Kiss of Death         Conj/Necr      100%       2d13      1%          1
b - Sticky Flame          Conj/Fire      55%        2d7       1%          4
c - Freezing Cloud        Conj/Ice/Air   27%        6-21      6%          5

Your spell library contained the following spells:

 Spells                   Type           Power      Damage    Failure   Level
 Cigotuvi's Dreadful Rot  Necr/Pois/Air  100%       N/A       1%          2
 Ensorcelled Hibernation  Hex/Ice        100%       N/A       1%          2
 Momentum Strike          Conj/Tloc      100%       3d10      1%          2
 Passwall                 Tmut/Erth      42%        N/A       1%          2
 Confusing Touch          Hex            51%        N/A       1%          3
 Dazzling Flash           Conj/Hex       100%       N/A       1%          3
 Hailstorm                Conj/Ice       55%        3d12      1%          3
 Ignite Poison            Fire/Tmut/Pois 51%        N/A       1%          3
 Inner Flame              Hex/Fire       51%        N/A       1%          3
 Swiftness                Air            51%        N/A       1%          3
 Volatile Blastmotes      Fire/Tloc      100%       2d18      1%          3
 Flame Wave               Conj/Fire      55%        2d13      1%          4
 Iskenderun's Mystic Bla  Conj/Tloc      55%        2d12      1%          4
 Dispel Undead            Necr           51%        3d19      3%          4
 Starburst                Conj/Fire      27%        6d9       28%         6


Dungeon Overview and Level Annotations

Branches:
Dungeon (13/15)            Temple (1/1) D:5            Lair (0/5) D:9
    Orc (0/2) D:9         Ossuary (visited)
 Vaults: D:13-14

Altars:
Ashenzari
Cheibriados
Fedhas
Gozag
Hepliaklqana
Kikubaaqudgha
Makhleb
Nemelex Xobeh
Okawaru
Qazlal
Sif Muna
Trog
Wu Jian
Zin
The Shining One

Shops:
D:9 [   D:12 ?   D:13 (

Annotations:
D:4 1 runed translucent door, Crazy Yiuf
D:12 3 runed translucent doors, patfeehan111222's ghost, journeyman DsBe


Innate Abilities, Weirdness & Mutations

You have very sharp teeth.
Your uncanny sense of smell can sniff out nearby items.
Your experience applies equally to all skills.


Message History

The seven-headed hydra bites you but does no damage.
The seven-headed hydra misses you.
The seven-headed hydra bites you but does no damage.
The seven-headed hydra bites you!
The seven-headed hydra barely misses you.
The seven-headed hydra bites you.
You hit the seven-headed hydra but do no damage.
The seven-headed hydra is lightly wounded.
The seven-headed hydra burns!
The seven-headed hydra bites you. The seven-headed hydra misses you. x2
The seven-headed hydra closely misses you.
The seven-headed hydra bites you but does no damage. x2
The seven-headed hydra misses you.
You chop one of the seven-headed hydra's heads off!
The flame cauterises the wound!
You hit the six-headed hydra. You burn the six-headed hydra.
The six-headed hydra is moderately wounded.
The six-headed hydra burns!
The six-headed hydra bites you. The six-headed hydra misses you.
The six-headed hydra bites you.
* * * LOW HITPOINT WARNING * * *
The six-headed hydra misses you. The six-headed hydra bites you!
* * * LOW HITPOINT WARNING * * *
The six-headed hydra completely misses you.
Blink to where?
Press: ? - help, Dir - move target, p - six-headed hydra
As you read the scroll of blinking, it crumbles to dust.
Casting: Sticky Flame (mildly dangerous; 1% risk of failure)
Confirm with . or Enter, or press ? or * to list all spells.
Aiming: Freezing Cloud (dangerous; 6% risk of failure)
Press: ? - help, Dir - move target That beam is likely to hit you.
Continue anyway?
You are engulfed in freezing vapours.
* * * LOW HITPOINT WARNING * * *
The six-headed hydra burns!
You feel much better.
You are engulfed in freezing vapours.
* * * LOW HITPOINT WARNING * * *
The six-headed hydra burns!
The six-headed hydra is engulfed in freezing vapours.
You are engulfed in freezing vapours.
You die...

#.....#####.#
####### #.#
#.# #.# #.#
#.# ###.#
#(..# #@###
#§# #§# #§#
#§# #§# #D#
#§# #?#


You could see a six-headed hydra (burning).

Vanquished Creatures
  An ogre mage (D:12)
  Erica (D:9)
  6 two-headed ogres
  2 boulder beetles (D:11)
  Lodul (D:11)
  An orc knight (D:12)
  A deep elf pyromancer (D:12)
  2 cyclopes
  An ugly thing (D:11)
  A manticore (D:11)
  A kobold demonologist (D:12)
  A gargoyle (D:11)
  2 hornets
  9 trolls
  6 slime creatures
  2 shadows (D:12)
  A vampire (D:11)
  Sigmund (D:6)
  8 yaks
  Grum (D:8)
  A wraith (D:9)
  A basilisk (D:10)
  A steam dragon (D:8)
  2 vampire mosquitoes (D:12)
  Menkaure (D:6)
  Edmund (D:6)
  2 water moccasins (D:9)
  A sky beast (D:6)
  An ice beast (D:6)
  4 orc warriors
  3 black bears
  10 ogres
  4 centaurs
  2 phantoms
  2 wolves (D:8)
  A kobold brigand (D:9)
  A bullfrog (D:8)
  3 gnoll sergeants
  A scorpion (D:6)
  4 wights (D:9)
  3 killer bees (D:10)
  10 howler monkeys
  5 centaur zombies (Ossuary)
  A jelly (D:4)
  5 hounds
  A human zombie (Ossuary)
  10 orc priests
  A gnoll bouda (D:6)
  3 iguanas
  3 orc wizards
  3 sleepcaps
  2 mummies (Ossuary)
  13 gnolls
  6 adders
  An ufetubus (D:4)
  A worm (D:5)
  5 dart slugs
  37 orcs
  5 ball pythons
  5 bats
  5 endoplasms
  5 giant cockroaches
  7 goblins
  12 hobgoblins
  7 jackals
  3 quokkas
  2 frilled lizards
  6 hobgoblin zombies (Ossuary)
  3 jackal zombies (Ossuary)
  4 kobolds
  13 kobold zombies (Ossuary)
  7 orc zombies (Ossuary)
  2 rats
  2 rat zombies (Ossuary)
293 creatures vanquished.

Vanquished Creatures (others)
  A shadow (D:8)
1 creature vanquished.

Grand Total: 294 creatures vanquished

Notes
Turn   | Place    | Note
-------+----------+-------------------------------------------
     0 | D:1      | frimble the Gnoll Reaver began the quest for the Orb.
     0 | D:1      | Reached XP level 1. HP: 20/20 MP: 6/6
   171 | D:1      | Reached XP level 2. HP: 26/26 MP: 7/7
   903 | D:2      | Reached skill level 5 in Spellcasting
   903 | D:2      | Reached XP level 3. HP: 30/31 MP: 7/9
   977 | D:2      | Reached skill level 1 in Invocations
  1045 | D:2      | Reached skill level 1 in Short Blades
  1045 | D:2      | Reached skill level 1 in Axes
  1045 | D:2      | Reached skill level 1 in Maces & Flails
  1045 | D:2      | Reached skill level 1 in Polearms
  1045 | D:2      | Reached skill level 1 in Staves
  1045 | D:2      | Reached skill level 1 in Ranged Weapons
  1045 | D:2      | Reached skill level 1 in Throwing
  1045 | D:2      | Reached skill level 1 in Armour
  1045 | D:2      | Reached skill level 1 in Stealth
  1045 | D:2      | Reached skill level 1 in Shields
  1045 | D:2      | Reached skill level 1 in Unarmed Combat
  1045 | D:2      | Reached skill level 1 in Evocations
  1203 | D:2      | Reached XP level 4. HP: 36/38 MP: 11/11
  1506 | D:3      | Reached skill level 1 in Hexes
  1506 | D:3      | Reached skill level 1 in Summonings
  1506 | D:3      | Reached skill level 1 in Necromancy
  1506 | D:3      | Reached skill level 1 in Translocations
  1506 | D:3      | Reached skill level 1 in Transmutations
  1506 | D:3      | Reached skill level 1 in Fire Magic
  1506 | D:3      | Reached skill level 1 in Ice Magic
  1506 | D:3      | Reached skill level 1 in Air Magic
  1506 | D:3      | Reached skill level 1 in Earth Magic
  1506 | D:3      | Reached skill level 1 in Poison Magic
  1685 | D:3      | Found an iron altar of Okawaru.
  2089 | D:4      | Found a blossoming altar of Fedhas.
  2286 | D:4      | Found an ornate altar of the Wu Jian Council.
  2302 | D:4      | Found a sand-covered staircase.
  2318 | D:4      | Reached XP level 5. HP: 43/43 MP: 12/12
  2346 | Ossuary  | Entered an ossuary
  2628 | Ossuary  | Reached XP level 6. HP: 50/50 MP: 14/14
  2658 | Ossuary  | Reached skill level 5 in Fighting
  2658 | Ossuary  | Reached skill level 5 in Dodging
  2991 | D:4      | Learned a level 4 spell: Sticky Flame
  3102 | D:4      | Found a runed translucent door.
  3103 | D:4      | Noticed Crazy Yiuf
  3352 | D:5      | Entered Level 5 of the Dungeon
  3540 | D:5      | Reached skill level 7 in Long Blades
  3540 | D:5      | Reached XP level 7. HP: 17/56 MP: 10/15
  3961 | D:5      | Found an ancient bone altar of Kikubaaqudgha.
  3963 | D:5      | Identified the +6 dagger "Dimud" {flame, rC+ Int+4}
  4286 | D:5      | Found a burning altar of Makhleb.
  4459 | D:5      | Reached XP level 8. HP: 37/63 MP: 12/16
  4559 | D:5      | Found a staircase to the Ecumenical Temple.
  4727 | Temple   | Entered the Ecumenical Temple
  4769 | Temple   | Became a worshipper of Cheibriados the Contemplative
  4824 | D:6      | Found a bloodstained altar of Trog.
  4830 | D:6      | Noticed Edmund
  4841 | D:6      | Killed Edmund
  5019 | D:6      | Found a broken altar of Ashenzari.
  5412 | D:6      | Found an opulent altar of Gozag.
  5504 | D:6      | Identified the +1 hand axe of Painted Courage {venom, rPois
                  | Will+ Str-3 Stlth+}
  5563 | D:6      | Noticed Menkaure
  5577 | D:6      | Killed Menkaure
  5578 | D:6      | Reached XP level 9. HP: 12/69 MP: 9/18
  5809 | D:6      | Noticed Sigmund
  5816 | D:6      | Killed Sigmund
  6095 | D:7      | Found a glowing golden altar of the Shining One.
  6111 | D:7      | Reached * piety under Cheibriados
  6456 | D:7      | Noticed a hornet
  6464 | D:7      | Killed a hornet
  6465 | D:7      | Reached skill level 8 in Long Blades
  6859 | D:7      | Reached skill level 5 in Invocations
  7074 | D:8      | Found a hazy altar of Hepliaklqana.
  7384 | D:8      | Reached skill level 5 in Short Blades
  7384 | D:8      | Reached skill level 5 in Axes
  7384 | D:8      | Reached skill level 5 in Maces & Flails
  7384 | D:8      | Reached skill level 5 in Polearms
  7384 | D:8      | Reached skill level 5 in Staves
  7384 | D:8      | Reached skill level 5 in Ranged Weapons
  7384 | D:8      | Reached skill level 5 in Throwing
  7384 | D:8      | Reached skill level 5 in Armour
  7384 | D:8      | Reached skill level 5 in Stealth
  7384 | D:8      | Reached skill level 5 in Shields
  7384 | D:8      | Reached skill level 5 in Unarmed Combat
  7384 | D:8      | Reached skill level 5 in Evocations
  7384 | D:8      | Reached XP level 10. HP: 55/77 MP: 16/20
  7478 | D:8      | Noticed Grum
  7501 | D:8      | Reached ** piety under Cheibriados
  7574 | D:8      | Paralysed by a hornet for 3 turns
  7848 | D:8      | Killed Grum
  8196 | D:9      | Learned a level 5 spell: Freezing Cloud
  8445 | D:9      | Noticed Erica
  8452 | D:9      | Killed Erica
  9052 | D:9      | Found a staircase to the Orcish Mines.
  9072 | D:9      | Found Husiw's Armour Shoppe.
  9238 | D:9      | Found a staircase to the Lair.
  9619 | D:9      | Reached *** piety under Cheibriados
  9784 | D:10     | Entered Level 10 of the Dungeon
  9939 | D:10     | Reached skill level 9 in Long Blades
 10178 | D:10     | Reached skill level 5 in Hexes
 10178 | D:10     | Reached skill level 5 in Summonings
 10178 | D:10     | Reached skill level 5 in Necromancy
 10178 | D:10     | Reached skill level 5 in Translocations
 10178 | D:10     | Reached skill level 5 in Transmutations
 10178 | D:10     | Reached skill level 5 in Fire Magic
 10178 | D:10     | Reached skill level 5 in Ice Magic
 10178 | D:10     | Reached skill level 5 in Air Magic
 10178 | D:10     | Reached skill level 5 in Earth Magic
 10178 | D:10     | Reached skill level 5 in Poison Magic
 10178 | D:10     | Reached XP level 11. HP: 72/85 MP: 7/22
 10339 | D:10     | Found a stormy altar of Qazlal.
 10586 | D:11     | Identified the ring "Tooklu" {Fire rN+ rCorr}
 10668 | D:11     | Noticed a boulder beetle
 10842 | D:11     | Noticed a two-headed ogre
 10847 | D:11     | Killed a two-headed ogre
 10966 | D:11     | Noticed a boulder beetle
 10978 | D:11     | Killed a boulder beetle
 11043 | D:11     | Noticed Lodul
 11057 | D:11     | Killed Lodul
 11204 | D:11     | Noticed a green ugly thing
 11215 | D:11     | Killed a green ugly thing
 11231 | D:11     | Killed a boulder beetle
 11617 | D:11     | Noticed a manticore
 11629 | D:11     | Killed a manticore
 11896 | D:12     | Reached **** piety under Cheibriados
 11977 | D:12     | Noticed a cyclops
 11985 | D:12     | Killed a cyclops
 12021 | D:12     | Noticed an orc knight
 12029 | D:12     | Reached XP level 12. HP: 81/94 MP: 24/24
 12327 | D:12     | Noticed an ogre mage
 12327 | D:12     | Noticed a two-headed ogre
 12327 | D:12     | Noticed a two-headed ogre
 12327 | D:12     | Noticed a two-headed ogre
 12327 | D:12     | Noticed a two-headed ogre
 12327 | D:12     | Noticed a two-headed ogre
 12423 | D:12     | Noticed patfeehan111222's ghost (journeyman DsBe)
 12433 | D:12     | Found a runed translucent gate.
 12433 | D:12     | Found a runed translucent gate.
 12434 | D:12     | Found a runed translucent gate.
 12474 | D:12     | Reached skill level 10 in Long Blades
 12511 | D:12     | Found Suzxuus's Magic Scroll Shoppe.
 12512 | D:12     | Reached ***** piety under Cheibriados
 12646 | D:12     | Bought a scroll of magic mapping for 75 gold pieces
 12646 | D:12     | Bought a scroll of blinking for 75 gold pieces
 12784 | D:12     | Paralysed by an ogre mage for 2 turns
 12786 | D:12     | Killed a two-headed ogre
 12787 | D:12     | Killed an ogre mage
 12788 | D:12     | Killed a two-headed ogre
 12789 | D:12     | Killed a two-headed ogre
 12792 | D:12     | Killed a two-headed ogre
 12798 | D:12     | Killed a two-headed ogre
 12905 | D:13     | Found Lofen's Weapon Emporium.
 12950 | D:13     | Noticed a seven-headed hydra
 12960 | D:13     | Engulfed by a cloud of freezing vapour

Illustrated notes

Levels and vault maps discovered:
D:1:      eino_arrival_cavern_b, layout_loops_ring
D:2:      layout_rooms
D:3:      layout_rooms, okawaru_ov_weapons_minmay
D:4:      layout_basic, mainiacjoe_overflow_chevrons, fedhas_altar_2,
          nicolae_ossuary_entry_monument, uniq_crazy_yiuf_cottage
D:5:      layout_rooms, general_overflow_altar, nicolae_overflow_crystal_walls,
          minmay_temple_entry_drinking_statues
D:6:      layout_basic, kennysheep_little_box, lemuel_tele_altar,
          nicolae_gozag_seed_capital, hangedman_abyss_or_decor_lesser_grid,
          uniq_edmund, uniq_menkaure, uniq_sigmund
D:7:      layout_basic, mainiacjoe_overflow_alcove_4, st_stairs_7
D:8:      layout_rooms, mainiacjoe_overflow_boulevard, minmay_manual_mail,
          uniq_grum
D:9:      layout_stronghold, lair_entry_dummy, orc_david_3, uniq_erica
D:10:     layout_rooms, lemuel_doored_altar
D:11:     layout_loops_cross, uniq_lodul
D:12:     layout_roguey [special_room_orc], gammafunk_ghost_split, serial_shops,
          shop
D:13:     layout_loops_ring, serial_shops, shop,
          nicolae_shop_tiny_statue_garden, nicolae_shop_overgrown_old_shop,
          shop, nicolae_shop_crystal, minmay_mirror_moons_of_madness
Temple:   bh_familiar_temple

Skill      XL: |  1  2  3  4  5  6  7  8  9 10 11 12 |
---------------+-------------------------------------+-----
Spellcasting   | 5 6 7 8 9 |  9.4
Invocations    | 1 2 3 4 5 6 7 8 |  8.7
Short Blades   | 1 2 3 4 5 6 7 |  7.9
Axes           | 1 2 3 4 5 6 7 |  7.9
Maces & Flails | 1 2 3 4 5 6 7 |  7.9
Polearms       | 1 2 3 4 5 6 7 |  7.9
Staves         | 1 2 3 4 5 6 7 |  7.9
Ranged Weapons | 1 2 3 4 5 6 8 9 |  9.9
Throwing       | 1 2 3 4 5 6 7 |  7.9
Armour         | 1 2 3 4 5 6 7 |  7.9
Stealth        | 1 2 3 4 5 6 7 |  7.9
Shields        | 1 2 3 4 5 6 7 |  7.9
Unarmed Combat | 1 2 3 4 5 6 7 |  7.9
Evocations     | 1 2 3 4 5 6 7 |  7.9
Hexes          | 1 2 3 4 5 6 |  6.6
Summonings     | 1 2 3 4 5 6 |  6.6
Necromancy     | 1 2 3 4 5 6 |  6.6
Translocations | 1 2 3 4 5 6 |  6.6
Transmutations | 1 2 3 4 5 6 |  6.6
Fire Magic     | 1 2 3 4 5 6 |  6.6
Ice Magic      | 1 2 3 4 5 6 |  6.6
Air Magic      | 1 2 3 4 5 6 |  6.6
Earth Magic    | 1 2 3 4 5 6 |  6.6
Poison Magic   | 1 2 3 4 5 6 |  6.6
Fighting       | 5 6 7 8 9 |  9.2
Dodging        | 5 6 7 8 9 |  9.2
Long Blades    | 7 8 9 10 | 10.3
Conjurations   | 6 7 8 |  8.6

Action                     |  1- 3 |  4- 6 |  7- 9 | 10-12 || total
---------------------------+-------+-------+-------+-------++-------
  Melee: Falchion          |   132 |   300 |   116 |       ||   548
         Bite              |    18 |    40 |    44 |    51 ||   153
         Punch             |     3 |     8 |    11 |    17 ||    39
         Dagger            |       |       |   242 |    64 ||   306
         Scimitar          |       |       |       |   279 ||   279
   Cast: Sticky Flame      |       |     1 |    17 |    25 ||    43
         Kiss of Death     |       |       |     3 |       ||     3
         Freezing Cloud    |       |       |       |    27 ||    27
  Evoke: Condenser vane    |       |       |     2 |       ||     2
         Wand              |       |       |       |     1 ||     1
    Use: Scroll            |     1 |     6 |     8 |    10 ||    25
         Potion            |       |       |     1 |     4 ||     5
   Stab: Sleeping          |       |       |     5 |     4 ||     9
         Distracted        |       |       |       |     1 ||     1
 Armour: Leather armour    |    47 |    58 |    42 |       ||   147
         Robe              |       |       |    24 |    15 ||    39
         Troll leather arm |       |       |       |    24 ||    24
  Dodge: Dodged            |    88 |   273 |   359 |   426 ||  1146

Table legend: (Time is in decaauts)
 A = Elapsed time spent in this place.
 B = Non-inter-level travel time spent in this place.
 C = Inter-level travel time spent in this place.
 D = Time resting spent in this place.
 E = Time spent auto-exploring this place.
 F = Levels seen in this place.
 G = Mean time per level.
                   A        B        C        D        E       F      G
               +--------+--------+--------+--------+--------+-----+--------+
         Total |  15019 |  14328 |    691 |    200 |  11518 |  15 | 1001.3 |
       Dungeon |  14430 |  13765 |    665 |    200 |  11216 |  13 | 1110.0 |
        Temple |     56 |     31 |     25 |      0 |     29 |   1 |   56.0 |
       Ossuary |    533 |    533 |      0 |      0 |    273 |   1 |  533.0 |
               +--------+--------+--------+--------+--------+-----+--------+

Top non-repeatable levels by time:
     D:9: 2086 daAuts
     D:7: 1868 daAuts
    D:11: 1767 daAuts
    D:12: 1354 daAuts
     D:6: 1152 daAuts
     D:4: 1138 daAuts
     D:5: 1083 daAuts
    D:10: 1039 daAuts
     D:1: 887 daAuts
     D:8: 839 daAuts
     D:3: 576 daAuts
     D:2: 538 daAuts
 Ossuary: 533 daAuts
    D:13: 99 daAuts
  Temple: 56 daAuts
